 Dungeon Crawl Stone Soup version 0.32-a0-540-g866d13106e (webtiles) character file.

Game seed: 10545922816448172636

3011 Dittersdorf the Blocker (level 9, -5/59 HPs)
             Began as a Gargoyle Fighter on Feb 28, 2024.
             Was an Initiate of Gozag.
             Slain by a vampire mosquito (8 damage)
             ... on level 7 of the Dungeon.
             The game lasted 00:10:16 (7688 turns).

Dittersdorf the Blocker (Gargoyle Fighter)          Turns: 7688, Time: 00:10:17

Health: -5/59      AC: 18    Str: 21    XL:     9   Next: 84%
Magic:  9/9        EV:  8    Int:  8    God:    Gozag
Gold:   295        SH: 11    Dex: 13    Spells: 8/8 levels left

rFire   . . .        A - +0 morningstar (venom)
rCold   + . .        c - +0 buckler
rNeg    + . .        q - +1 chain mail
rPois   ∞            (no helmet)
rElec   +            (no cloak)
rCorr   +            (no gloves)
SInv    .            (no boots)
Will    .....        u - amulet of reflection Stlth
                     B - ring of the Hippogriff {+Blink Fly rCorr Str-4 Dex+4}
HPRegen 0.29/turn    b - ring of protection from cold
MPRegen 0.11/turn

%: reflection
@: gold aura, flying
A: sickness immunity, AC +6, negative energy resistance 1, electricity
resistance, torment resistance 1, petrification resistance
a: Renounce Religion, Evoke Blink, Potion Petition, Call Merchant, Bribe Branch


You were on level 7 of the Dungeon.
You worshipped Gozag.
Gozag was aware of your devotion.
You visited 2 branches of the dungeon, and saw 8 of its levels.
You also visited: Ossuary.

You collected 824 gold pieces.
You spent 408 gold pieces at shops.
You paid 121 gold pieces to Gozag.

Inventory:

Hand Weapons
 A - a +0 morningstar of venom (weapon)
Missiles
 x - a curare-tipped dart (quivered)
Armour
 c - a +0 buckler (worn)
 m - a +0 plate armour
 q - a +1 chain mail (worn)
Jewellery
 b - a ring of protection from cold (right hand)
 u - an amulet of reflection (around neck)
 B - the ring of the Hippogriff (left hand) {+Blink Fly rCorr Str-4 Dex+4}
   (You bought it in a shop on level 1 of the Dungeon)

   [ring of flight]

   Str-4:     It affects your strength (-4).
   Dex+4:     It affects your dexterity (+4).
   Fly:       It grants you flight.
   +Blink:    It lets you blink.
   rCorr:     It protects you from acid and corrosion.
Scrolls
 j - 2 scrolls of poison
 k - 3 scrolls of enchant armour
 l - a scroll of revelation
 o - 4 scrolls of teleportation
 p - a scroll of fear
 t - 2 scrolls of blinking
 z - 2 scrolls of brand weapon
Potions
 d - 3 potions of might
 f - 2 potions of enlightenment
 h - 5 potions of heal wounds {unknown}
 i - a potion of brilliance {unknown}
 n - a potion of attraction {unknown}
 r - 2 potions of berserk rage {unknown}
 s - 3 potions of mutation {unknown}
 v - 4 potions of curing {unknown}
 w - 2 potions of invisibility


   Skills:
 + Level 8.0 Fighting
 + Level 7.0 Maces & Flails
 + Level 8.0 Armour
 + Level 8.1 Shields


You had 8 spell levels left.
You didn't know any spells.
Your spell library contained the following spells:

 Spells                   Type           Power      Damage    Failure   Level
 Ensorcelled Hibernation  Hex/Ice        0%         N/A       99%         2
 Dazzling Flash           Conj/Hex       0%         N/A       100%        3
 Inner Flame              Hex/Fire       0%         N/A       100%        3
 Mephitic Cloud           Conj/Alch/Air  0%         N/A       100%        3
 Passwall                 Erth           0%         N/A       100%        3
 Swiftness                Air            0%         N/A       100%        3
 Brom's Barrelling Bould  Conj/Erth      0%         2d3       100%        4
 Flame Wave               Conj/Fire      0%         2d4       100%        4
 Sticky Flame             Fire/Alch      0%         2d4       100%        4
 Curse of Agony           Necr           0%         N/A       100%        5
 Fireball                 Conj/Fire      0%         3d3       100%        5
 Iskenderun's Battlesphe  Conj           0%         2d6       100%        5
 Silence                  Hex/Air        0%         N/A       100%        5
 Conjure Ball Lightning   Conj/Air       0%         3x3d6     100%        6
 Orb of Destruction       Conj           0%         9d5       100%        7


Dungeon Overview and Level Annotations

Branches:
Dungeon (7/15)             Temple (1/1) D:6         Ossuary (visited)

Altars:
Ashenzari
Cheibriados
Dithmenos
Elyvilon
Fedhas
Gozag
Hepliaklqana
Kikubaaqudgha
Makhleb
Nemelex Xobeh
Okawaru
Qazlal
Ru
Sif Muna
Trog
Uskayaw
Vehumet
Wu Jian
Zin
The Shining One

Shops:
D:1 =   D:3 [


Innate Abilities, Weirdness & Mutations

You are immune to sickness and miasma.
Your stone body is resilient. (AC +6)
You are immune to poison.
You resist negative energy. (rN+)
You are resistant to electric shocks. (rElec)
You are resistant to unholy torment.
You are immune to petrification.


Message History

You puncture the orc warrior!
You kill the orc warrior!
Your Maces & Flails skill increases to level 7!
Your Armour skill increases to level 8!
You now have 295 gold pieces (gained 6).
Items here: )) = [.
You start resting.
HP restored.
Okay, then.
You start waiting.
A manticore is nearby!
You puncture the manticore!
The manticore is poisoned.
The manticore is moderately wounded.
The manticore bites you! The manticore claws you.
The manticore completely misses you.
You closely miss the manticore.
The manticore is moderately wounded.
The manticore bites you! The manticore claws you!
You block the manticore's attack.
The manticore bites you but does no damage.
The manticore barely misses you. You block the manticore's attack.
The vampire mosquito buzzes angrily.
You puncture the manticore!
The manticore looks as sick as possible!
The manticore is heavily wounded.
You hear a shout!
The manticore bites you!!
* * * LOW HITPOINT WARNING * * *
The manticore closely misses you. You block the manticore's attack.
You puncture the manticore!
The manticore is almost dead.
You block the manticore's attack. The manticore claws you.
* * * LOW HITPOINT WARNING * * *
You block the manticore's attack.
You thump the manticore!
You kill the manticore!
You block the vampire mosquito's attack.
The vampire mosquito bites you!
You die...
Your body crumbles into a pile of gold.

#'##.####.##.##.......##.###..#..
..##.......#..#.......###..##..[#
..##.#.###.##.##.....######.#.[[.
####...# #.##..#.....##.....##[.[
.....### #.###.##..H##.#######...
..#### #.# #..#...###......##..
### #># ##.##.##########.#.. #.#
#..#[##.........#.# #.#
#.@#.#.#########..# #.#
#.y$..............# #.#
#..#....#####..#.## ####.#
#.)..#### #.##.## ##)...####..###
#...... ##<..........# ####.##
##.......###(##############.#
####...........................#
................################


You could see a vampire mosquito.

Vanquished Creatures
  A manticore (D:7)
  Jeremiah (D:6)
  Eustachio (D:5)
  Edmund (D:4)
  2 water moccasins (D:5)
  An orc warrior (D:7)
  2 black bears (D:6)
  An ice beast (D:5)
  2 centaurs
  A kobold brigand (D:4)
  An elf zombie (Ossuary)
  2 weeping skulls (Ossuary)
  A bullfrog (D:6)
  A scorpion (D:6)
  6 killer bees (D:7)
  A howler monkey (D:6)
  3 bombardier beetles
  2 hounds (D:7)
  An orc priest (D:3)
  2 jellies
  A sleepcap (D:7)
  14 orc wizards
  4 iguanas
  5 mummies
  9 adders
  A shadow imp (D:7)
  4 ufetubi
  4 dart slugs
  4 ribbon worms
  23 orcs
  6 ball pythons
  10 endoplasms
  2 giant cockroaches
  A gnoll zombie (Ossuary)
  11 goblins
  13 hobgoblins
  3 jackals (D:2)
  6 quokkas
  6 bats
  3 frilled lizards
  A hobgoblin zombie (D:5)
  13 kobolds
  5 kobold zombies
  2 orc zombies (Ossuary)
  4 rats
188 creatures vanquished.

Notes
Turn   | Place    | Note
-------+----------+-------------------------------------------
     0 | D:1      | Dittersdorf the Gargoyle Fighter began the quest for the
                  | Orb.
     0 | D:1      | Reached XP level 1. HP: 14/14 MP: 1/1
   165 | D:1      | Reached XP level 2. HP: 3/19 MP: 2/2
   443 | D:1      | Found Peugg's Jewellery Emporium.
   502 | D:1      | Reached XP level 3. HP: 23/23 MP: 3/3
  1456 | D:2      | Reached XP level 4. HP: 21/29 MP: 4/4
  2171 | D:3      | Reached XP level 5. HP: 33/33 MP: 5/5
  2444 | D:3      | Reached XP level 6. HP: 37/39 MP: 6/6
  2542 | D:3      | Found Wavol's Armour Emporium.
  3256 | D:5      | Entered Level 5 of the Dungeon
  3271 | D:5      | Reached skill level 5 in Fighting
  3271 | D:5      | Reached skill level 5 in Shields
  3282 | D:5      | Reached XP level 7. HP: 26/44 MP: 7/7
  3286 | D:5      | Reached skill level 5 in Armour
  3301 | D:5      | Found a snail-covered altar of Cheibriados.
  3510 | D:5      | Found a sand-covered staircase.
  3520 | Ossuary  | Entered an ossuary
  3574 | Ossuary  | Reached XP level 8. HP: 40/51 MP: 8/8
  3783 | Ossuary  | Reached skill level 5 in Maces & Flails
  4121 | D:5      | Found an ornate altar of the Wu Jian Council.
  4250 | D:6      | Found a staircase to the Ecumenical Temple.
  4259 | D:6      | Noticed Jeremiah
  4263 | Temple   | Entered the Ecumenical Temple
  4312 | Temple   | Became a worshipper of Gozag Ym Sagoz the Greedy
  4322 | D:6      | Noticed Eustachio
  4347 | D:5      | Killed Eustachio
  4703 | D:4      | You fall into a shaft and drop 2 floors!
  5004 | D:4      | Noticed Edmund
  5016 | D:4      | Killed Edmund
  5017 | D:4      | Reached XP level 9. HP: 39/57 MP: 9/9
  5534 | D:6      | Killed Jeremiah
  5790 | D:6      | Found a sparkling altar of Nemelex Xobeh.
  6364 | D:1      | Bought the ring of the Hippogriff {+Blink Fly rCorr Str-4
                  | Dex+4} for 408 gold pieces
  6739 | D:7      | Identified the +0 spear of Income {drain, Dex+4}
  7408 | D:7      | Noticed a cyclops
  7409 | D:7      | Noticed a manticore
  7688 | D:7      | Killed a manticore
  7688 | D:7      | Slain by a vampire mosquito

Illustrated notes

Levels and vault maps discovered:
D:1:      psy_arrival_radial02, layout_loops_ring, serial_shops, shop,
          minmay_pentomino_q2
D:2:      layout_basic
D:3:      layout_basic, serial_shops, shop_coins, hangedman_decor_slide_cut,
          serial_park_tiny_2, grunt_ministairs_8, st_stairs_9,
          chequers_serial_rivers_marsh, dreamdust_princess_bridge,
          nicolae_underground_beach
D:4:      layout_loops_corners, serial_forest, infiniplex_forest_clump_double,
          infiniplex_forest_3_way, infiniplex_forest_end_2,
          infiniplex_forest_lined_corner, infiniplex_forest_clump_diagonal,
          infiniplex_forest_end_1, infiniplex_forest_lined_2, st_stairs_10,
          nicolae_nh_ransacked_shop, uniq_edmund
D:5:      layout_cave_pools, kennysheep_little_box, kennysheep_slug_shrine,
          nicolae_ossuary_entry_giza, kennysheep_decorative_pillar
D:6:      layout_loops_cross, overflow_temple_1_default,
          minmay_temple_entry_glass, uniq_eustachio, uniq_jeremiah
D:7:      minmay_the_grid_triangle_9x9_rhombus_thin
          [minmay_the_grid_triangle_9x9_shrine,
          minmay_the_grid_triangle_9x9_prize_schism,
          minmay_the_grid_triangle_9x9_impossible_snake,
          minmay_the_grid_triangle_9x9_empty], layout_loops_ring, billiards_dpeg
Temple:   nicolae_temple_bog_church

Skill      XL: |  1  2  3  4  5  6  7  8  9 |
---------------+----------------------------+-----
Fighting       | 4 5 7 8 |  8.0
Armour         | 4 5 6 8 |  8.0
Shields        | 4 5 7 8 |  8.1
Maces & Flails | 3 4 5 7 |  7.0

Action                     |  1- 3 |  4- 6 |  7- 9 || total
---------------------------+-------+-------+-------++-------
  Melee: Flail             |   126 |   271 |   335 ||   732
         Morningstar       |       |       |    80 ||    80
    Use: Scroll            |       |     1 |    16 ||    17
         Potion            |       |       |     1 ||     1
 Armour: Scale mail        |   112 |   107 |       ||   219
         Chain mail        |       |   150 |   320 ||   470
  Dodge: Dodged            |    56 |   122 |   127 ||   305
  Block: Buckler           |    20 |    55 |   194 ||   269
         Reflection        |       |       |     7 ||     7

Table legend: (Time is in decaauts)
 A = Elapsed time spent in this place.
 B = Non-inter-level travel time spent in this place.
 C = Inter-level travel time spent in this place.
 D = Time resting spent in this place.
 E = Time spent auto-exploring this place.
 F = Levels seen in this place.
 G = Mean time per level.
                   A        B        C        D        E       F      G
               +--------+--------+--------+--------+--------+-----+--------+
         Total |   7856 |   7347 |    509 |    765 |   4502 |   9 |  872.9 |
       Dungeon |   7483 |   6974 |    509 |    676 |   4387 |   7 | 1069.0 |
        Temple |     58 |     58 |      0 |     40 |      0 |   1 |   58.0 |
       Ossuary |    314 |    314 |      0 |     49 |    115 |   1 |  314.0 |
               +--------+--------+--------+--------+--------+-----+--------+

Top non-repeatable levels by time:
     D:3: 1313 daAuts
     D:7: 1171 daAuts
     D:4: 1095 daAuts
     D:2: 1077 daAuts
     D:1: 1053 daAuts
     D:6: 897 daAuts
     D:5: 875 daAuts
 Ossuary: 314 daAuts
  Temple: 58 daAuts
